 Dungeon Crawl Stone Soup version 0.23.1 (webtiles) character file.

Game seed: 867260511064966430

1250 vatarom the Twirler (level 8, 0/56 HPs)
             Began as a Demonspawn Gladiator on Mar 15, 2019.
             Was a Believer of Fedhas.
             Killed from afar by an electric eel (11 damage)
             ... with a bolt of electricity
             ... on level 6 of the Dungeon.
             The game lasted 00:10:16 (6669 turns).

vatarom the Twirler (Demonspawn Gladiator)          Turns: 6669, Time: 00:10:17

Health: 0/56       AC: 11    Str: 17    XL:     8   Next: 26%
Magic:  10/12      EV: 13    Int:  9    God:    Fedhas [**....]
Gold:   328        SH:  0    Dex: 15    Spells: 7/7 levels left

rFire    + . .     SeeInvis .   a - +0 quarterstaff
rCold    . . .     Gourm    .   (shield currently unavailable)
rNeg     . . .     Faith    .   b - +1 leather armour
rPois    .         Spirit   .   (helmet restricted)
rElec    .         Reflect  .   n - +0 cloak
rCorr    .         Harm     .   (no gloves)
MR       .....                  (no boots)
Stlth    +.........             (no amulet)
HPRegen  0.18/turn              (no ring)
MPRegen  0.13/turn              (no ring)

@: sanguine armour, glowing
A: horns 1, fire resistance 1, frail 1, mutation resistance 1, spiny 1, no
potion heal 1, sanguine armour 1
a: Fungal Bloom, Sunlight, Evolution, Renounce Religion


You were on level 6 of the Dungeon.
You worshipped Fedhas.
Fedhas was pleased with you.
You were not hungry.

You visited 1 branch of the dungeon, and saw 6 of its levels.

You collected 328 gold pieces.

Inventory:

Hand Weapons
 a - a +0 quarterstaff (weapon)
Missiles
 d - 3 throwing nets (quivered) {!f}
 h - 6 javelins
Armour
 b - a +1 leather armour (worn)
 c - a +0 helmet
 n - a +0 cloak (worn)
Scrolls
 e - a scroll of acquirement {unknown}
 g - 5 scrolls of teleportation {@r3}
 k - 5 scrolls of remove curse {@r2}
 m - 2 scrolls of enchant weapon {unknown}
 p - a scroll of fog
 s - 4 scrolls of amnesia
 t - 4 scrolls of identify {@r1}
 y - a scroll of fear {unknown}
Potions
 i - a potion of haste {@q3}
 l - a potion of berserk rage
 o - a potion of flight
 q - a potion of ambrosia
 r - a potion of cancellation {unknown}
 u - a potion of might {@q4}
 v - a potion of invisibility {unknown}
 w - a potion of resistance {unknown}
 x - a potion of agility {@q5}
Comestibles
 f - 11 rations {@e1}


   Skills:
 + Level 5.5 Fighting
 * Level 7.3 Staves
 - Level 1.7 Throwing
 - Level 2.6 Dodging
 + Level 5.3 Invocations


You had 7 spell levels left.
You didn't know any spells.
Your spell library contained the following spells:

 Spells                   Type           Power        Failure   Level  Hunger
 Confusing Touch          Hex            #.....       45%         1    ##.....
 Sting                    Conj/Pois      #...         45%         1    ##.....
 Poisonous Vapours        Pois/Air       #.....       58%         2    ###....
 Confuse                  Hex            #.......     83%         3    ####...
 Gell's Gravitas          Tloc           #.........   83%         3    ####...
 Mephitic Cloud           Conj/Pois/Air  #.......     83%         3    ####...
 Olgreb's Toxic Radiance  Pois           #.......     99%         4    #####..
 Petrify                  Tmut/Erth      #.......     99%         4    #####..
 Metabolic Englaciation   Hex/Ice        #.........   100%        5    ######.
 Venom Bolt               Conj/Pois      #.........   100%        5    ######.
 Yara's Violent Unravell  Hex/Tmut       #.........   100%        5    ######.


Dungeon Overview and Level Annotations

Branches:
Dungeon (6/15)             Temple (0/1) D:5

Altars:
Ashenzari
Fedhas


Innate Abilities, Weirdness & Mutations

You have a pair of small horns on your head.
Your flesh is heat resistant. (rF+)
You are partially covered in sharp spines.
When seriously injured, your bleeding wounds create armour. (AC +6)
You are frail. (-10% HP)
You are somewhat resistant to further mutation.
Potions are less effective at restoring your health.


Message History

The electric eel is severely wounded.
Some water evaporates in the bright sunlight.
The electric eel shoots out a bolt of lightning at you!
The bolt of electricity hits you!
* * * LOW HITPOINT WARNING * * *
The bolt of electricity hits your wandering mushroom!
Your wandering mushroom is destroyed!
You feel a little guilty.
You hit the electric eel.
The electric eel is severely wounded.
You hit the electric eel but do no damage.
You headbutt the electric eel.
The electric eel is almost dead.
You completely miss the electric eel.
The electric eel is almost dead.
Some water evaporates in the bright sunlight.
The electric eel shoots out a bolt of lightning at you!
The bolt of electricity hits you!
You die...
Fedhas appreciates your contribution to the ecosystem.

### ≈≈# #≈# ##≈# #≈;##
+.@.# # #≈≈.# # ###
##≈.# ##### # #≈≈≈##≈.#
#...### ≈≈≈≈≈≈≈.#
#......
######..#########...###
#.##..............
#######.##............##
.............######.#.##


You could see an electric eel.

Vanquished Creatures
  A sky beast (D:5)
  An ice beast (D:5)
  An ogre (D:4)
  A centaur (D:5)
  Blork the orc (D:6)
  A bullfrog (D:6)
  2 howler monkeys
  4 crimson imps
  A hound (D:4)
  2 orc priests
  A bullfrog skeleton (D:5)
  A centaur skeleton (D:4)
  2 worker ants
  4 orc wizards
  A killer bee zombie (D:6)
  A worker ant zombie (D:6)
  5 adders
  A shadow imp (D:5)
  An ooze (D:3)
  4 worms
  2 dart slugs
  4 leopard geckos
  10 orcs
  9 giant cockroaches
  2 goblins
  10 hobgoblins
  14 jackals
  5 kobolds
  5 quokkas
  9 bats
  9 frilled lizards
  A giant cockroach zombie (D:5)
  A jackal skeleton (D:5)
  5 rats
122 creatures vanquished.

Vanquished Creatures (collateral kills)
  An orc warrior (D:5)
1 creature vanquished.

Vanquished Creatures (others)
  A wandering mushroom (D:6)
  37 toadstools
38 creatures vanquished.

Grand Total: 161 creatures vanquished

Notes
Turn   | Place    | Note
-------+----------+-------------------------------------------
     0 | D:1      | vatarom the Demonspawn Gladiator began the quest for the
                  | Orb.
     0 | D:1      | Reached XP level 1. HP: 16/16 MP: 1/1
   286 | D:1      | Reached skill level 3 in Staves
   404 | D:1      | Gained mutation: When seriously injured, your bleeding
                  | wounds create armour. (AC +6) [demonic ancestry]
   404 | D:1      | Reached XP level 2. HP: 22/22 MP: 2/2
  1043 | D:2      | Found a faded altar of an unknown god.
  1056 | D:2      | Reached XP level 3. HP: 14/28 MP: 3/3
  1280 | D:2      | Became a worshipper of Fedhas Madash
  1280 | D:2      | Reached * piety under Fedhas
  2120 | D:3      | HP: 1/28 [orc priest/divine providence (12)]
  2150 | D:3      | Reached skill level 4 in Staves
  2150 | D:3      | Gained mutation: Your flesh is heat resistant. (rF+)
                  | [demonic ancestry]
  2150 | D:3      | Reached XP level 4. HP: 16/35 MP: 4/4
  2623 | D:3      | Reached XP level 5. HP: 21/41 MP: 5/5
  3478 | D:4      | Reached skill level 1 in Invocations
  3733 | D:4      | Reached skill level 5 in Staves
  3871 | D:4      | Noticed an ogre
  3881 | D:4      | Killed an ogre
  3881 | D:4      | Gained mutation: You have a pair of small horns on your
                  | head. [demonic ancestry]
  3881 | D:4      | Reached XP level 6. HP: 41/48 MP: 4/7
  4088 | D:4      | Found a shattered altar of Ashenzari.
  4092 | D:4      | Saw a vision of the Shoals and the Spider Nest.
  4092 | D:4      | Noticed a redback
  4092 | D:4      | Noticed a sea snake
  4092 | D:4      | Noticed a merfolk
  4092 | D:4      | Noticed a redback
  4092 | D:4      | Noticed a merfolk
  4092 | D:4      | Noticed a wolf spider
  4092 | D:4      | Noticed a merfolk
  4093 | D:4      | Noticed a merfolk
  4097 | D:4      | Noticed a hornet
  4766 | D:5      | Entered Level 5 of the Dungeon
  4829 | D:5      | Found a shattered altar of Ashenzari.
  4831 | D:5      | Noticed an ice beast
  4839 | D:5      | Killed an ice beast
  5011 | D:5      | Gained mutation: You are partially covered in sharp spines.
                  | [demonic ancestry]
  5011 | D:5      | Reached XP level 7. HP: 55/55 MP: 9/9
  5139 | D:5      | Reached skill level 6 in Staves
  5141 | D:5      | Reached ** piety under Fedhas
  5275 | D:5      | Gained mutation: Potions are less effective at restoring
                  | your health. [potion of mutation]
  5275 | D:5      | Gained mutation: You are frail. (-10% HP) [potion of
                  | mutation]
  5275 | D:5      | Gained mutation: You are somewhat resistant to further
                  | mutation. [potion of mutation]
  5303 | D:5      | Found a staircase to the Ecumenical Temple.
  5694 | D:5      | Reached skill level 5 in Fighting
  6239 | D:6      | Reached XP level 8. HP: 47/55 MP: 11/11
  6303 | D:6      | Reached skill level 7 in Staves
  6303 | D:6      | Reached skill level 5 in Invocations
  6500 | D:6      | Noticed Blork the orc
  6512 | D:6      | Killed Blork the orc
  6669 | D:6      | Killed from afar by an electric eel

Skill      XL: |  1  2  3  4  5  6  7  8 |
---------------+-------------------------+-----
Staves         | 3 4 5 6 7 |  7.3
Fighting       | 3 4 5 |  5.5
Invocations    | 2 3 4 5 |  5.3
Throwing       | |  1.7
Dodging        | |  2.6

Action                   |  1- 3 |  4- 6 |  7- 9 || total
-------------------------+-------+-------+-------++-------
Melee: Quarterstaff      |   126 |   171 |    81 ||   378
       Headbutt          |       |     5 |    17 ||    22
Invok: Fungal Bloom      |     5 |    10 |     9 ||    24
       Sunlight          |       |     2 |     2 ||     4
       Evolution         |       |       |     1 ||     1
  Use: Potion            |     7 |       |     3 ||    10
       Scroll            |     5 |     3 |     5 ||    13
 Stab: Sleeping          |       |     1 |       ||     1
  Eat: Chunk             |     4 |     4 |     2 ||    10
       Ration            |       |     2 |     1 ||     3
Armor: Leather armour    |    72 |    52 |    19 ||   143
       Skin              |     2 |    11 |       ||    13
Dodge: Dodged            |   132 |   102 |    50 ||   284
